 Dungeon Crawl Stone Soup version 0.29.1-2-gbd0b4ee654 (webtiles) character file.

Game seed: 8831985045498648359

2683 LustLizard the Covert (level 9, -3/46 HPs)
             Began as a Spriggan Arcane Marksman on Nov 3, 2022.
             Was a Follower of Dithmenos.
             Shot with an arrow by a centaur (10 damage)
             ... on level 7 of the Dungeon.
             The game lasted 00:14:26 (10763 turns).

LustLizard the Covert (Spriggan Arcane Marksman)   Turns: 10763, Time: 00:14:26

Health: -3/46      AC:  2    Str:  6    XL:     9   Next: 37%
Magic:  12/12      EV: 17    Int: 15    God:    Dithmenos [*.....]
Gold:   387        SH:  0    Dex: 19    Spells: 4/10 levels left

rFire   . . .      SeeInvis +   y - +0 shortbow
rCold   . . .      Faith    .   (shield currently unavailable)
rNeg    . . .      Spirit   .   c - +0 robe
rPois   .          Reflect  .   (helmet restricted)
rElec   .          Harm     .   (no cloak)
rCorr   .          Rampage  .   (gloves unavailable)
Will    +....                   (boots unavailable)
Stlth   +++++.....              n - amulet of magic regeneration
HPRegen 0.15/turn               (no ring)
MPRegen 0.53/turn               (no ring)

@: wreathed by umbra, very quick
A: very small, no large weapons, unfitting armour, see invisible, speed 3
a: Renounce Religion


You were on level 7 of the Dungeon.
You worshipped Dithmenos.
Dithmenos was aware of your devotion.
You visited 1 branch of the dungeon, and saw 7 of its levels.

You collected 429 gold pieces.
You spent 42 gold pieces at shops.

Inventory:

Hand Weapons
 a - a +1 sling
 y - a +0 shortbow (weapon)
Missiles
 i - a throwing net
 p - 4 poisoned darts
Armour
 c - a +0 robe (worn)
Jewellery
 n - an amulet of magic regeneration (around neck)
Wands
 r - a wand of iceblast (8)
 t - a wand of mindburst (13)
 u - a wand of digging (8)
Scrolls
 b - 3 scrolls of poison
 f - 3 scrolls of teleportation
 h - 2 scrolls of torment {unknown}
 j - 5 scrolls of enchant armour {unknown}
 m - a scroll of noise {unknown}
 o - 3 scrolls of fear {unknown}
 s - a scroll of silence {unknown}
 w - a scroll of vulnerability {unknown}
Potions
 d - 3 potions of curing
 e - 3 potions of heal wounds
 g - a potion of haste
 k - 2 potions of ambrosia
 l - a potion of magic {unknown}
 q - a potion of cancellation {unknown}
 v - 3 potions of lignification
 x - a potion of degeneration {unknown}
 z - a potion of might {unknown}


   Skills:
 + Level 4.6 Fighting
 * Level 8.2 Ranged Weapons
 - Level 2.6 Dodging
 + Level 8.5 Stealth
 - Level 1.3 Spellcasting
 - Level 4.0 Hexes
 * Level 3.0 Fire Magic
 * Level 3.3 Air Magic
 - Level 2.5 Poison Magic


You had 4 spell levels left.
You knew the following spells:

 Your Spells              Type           Power      Damage    Failure   Level
a - Slow                  Hex            52%        N/A       4%          1
b - Inner Flame           Hex/Fire       11%        N/A       17%         3
c - Poisonous Vapours     Pois/Air       18%        N/A       11%         2

Your spell library contained the following spells:

 Spells                   Type           Power      Damage    Failure   Level
 Shock                    Conj/Air       20%        1d4       12%         1
 Sting                    Tmut/Pois      16%        1d3       14%         1
 Tukima's Dance           Hex            13%        N/A       14%         3
 Static Discharge         Conj/Air       5%         3-4/arc   19%         2
 Swiftness                Air            10%        N/A       19%         3
 Portal Projectile        Hex/Tloc       14%        N/A       30%         3
 Ignite Poison            Fire/Tmut/Pois 6%         N/A       32%         3
 Conjure Flame            Conj/Fire      5%         6-21      36%         3
 Cause Fear               Hex            6%         N/A       41%         4
 Airstrike                Air            5%         2d(1-17)  52%         4
 Frozen Ramparts          Ice            2%         1d1       56%         3
 Ozocubu's Armour         Ice            1%         N/A       56%         3
 Olgreb's Toxic Radiance  Pois           8%         N/A       63%         4
 Corpse Rot               Necr/Pois/Air  6%         N/A       71%         4
 Sticky Flame             Conj/Fire      5%         2d3       77%         4
 Dispel Undead            Necr           1%         3d6       93%         4
 Ice Form                 Ice/Tmut       1%         N/A       93%         4
 Summon Ice Beast         Ice/Summ       1%         N/A       93%         4
 Blade Hands              Tmut           0%         N/A       100%        5
 Ozocubu's Refrigeration  Ice            0%         4d7       100%        7


Dungeon Overview and Level Annotations

Branches:
Dungeon (7/15)
 Temple: D:4-7

Altars:
Cheibriados
Dithmenos

Shops:
D:5 (   D:6 ?


Innate Abilities, Weirdness & Mutations

You are very small and have problems with some larger weapons.
You are too small for most types of armour.
You have supernaturally acute eyesight. (SInv)
You cover ground extremely quickly. (Speed+++)


Message History

The centaur shoots an arrow.
The arrow closely misses you.
The centaur shoots an arrow.
The arrow barely misses you.
You shoot an arrow.
The arrow hits the centaur but does no damage.
The centaur is heavily wounded.
The centaur shoots an arrow.
The arrow hits you!
You shoot an arrow. The arrow barely misses the centaur.
The centaur shoots an arrow.
The arrow misses you.
The centaur shoots an arrow.
The arrow hits you.
You shoot an arrow. The arrow barely misses the centaur.
The centaur shoots an arrow.
The arrow hits you!
You are too injured to fight recklessly!
Fire: y) +0 shortbow
Press: ? - help, Q - select action, (/) - cycle Shift-Dir - straight line, f/p - centaur
Aim: a centaur, wielding a +0 shortbow (heavily wounded, 76% to hit)
You shoot an arrow.
The arrow hits the centaur but does no damage.
The centaur is heavily wounded.
The centaur shoots an arrow.
The arrow hits you!
* * * LOW HITPOINT WARNING * * *
Fire: y) +0 shortbow
Press: ? - help, Q - select action, (/) - cycle Shift-Dir - straight line, f/p - centaur
Aim: a centaur, wielding a +0 shortbow (heavily wounded, 76% to hit)
You shoot an arrow.
The arrow hits the centaur but does no damage.
The centaur is heavily wounded.
A centaur is nearby!
Fire: y) +0 shortbow
Press: ? - help, Q - select action, (/) - cycle Shift-Dir - straight line, f/p - centaur
Aim: a centaur, wielding a +0 shortbow (heavily wounded, 76% to hit)
You shoot an arrow. The arrow hits the centaur.
The centaur is heavily wounded.
The centaur shoots an arrow.
The arrow completely misses you.
Fire: y) +0 shortbow
Press: ? - help, Q - select action, (/) - cycle Shift-Dir - straight line, f/p - centaur
Aim: a centaur, wielding a +0 shortbow (heavily wounded, 76% to hit)
You shoot an arrow. The arrow hits the centaur.
The centaur is severely wounded.
The centaur shoots an arrow.
The arrow hits you!
You die...

########## .........# .......).#
.........# ##############
.)..=.y..## ##.....##.....##
..........########.......>..)...#
...............†@.....<..........
........>########................
....###### #................ .#..
#................ .##.
#.c.............. ##
#................
##..............#
#######......##.....##
.M......#############


You could see a centaur.

Vanquished Creatures
  A steam dragon (D:6)
  Menkaure (D:7)
  2 water moccasins (D:6)
  2 black bears
  An ice beast (D:5)
  A centaur (D:7)
  A phantom (D:5)
  A kobold brigand (D:6)
  2 scorpions (D:4)
  3 necrophages
  4 wights
  8 killer bees
  4 howler monkeys
  7 hounds
  5 iguanas
  A jelly (D:5)
  Jessica (D:2)
  Ijyb (D:4)
  Natasha (thrice) (D:2)
  An orc wizard (D:5)
  Robin (D:2)
  4 gnolls (D:3)
  7 adders
  A white imp (D:5)
  2 ufetubi
  4 dart slugs
  5 orcs
  7 ball pythons
  3 bats (D:1)
  5 endoplasms
  A giant cockroach (D:3)
  5 hobgoblins
  4 jackals
  9 kobolds
  4 quokkas
  2 frilled lizards (D:1)
  13 goblins
  4 rats
131 creatures vanquished.

Notes
Turn   | Place    | Note
-------+----------+-------------------------------------------
     0 | D:1      | LustLizard the Spriggan Arcane Marksman began the quest for
                  | the Orb.
     0 | D:1      | Reached XP level 1. HP: 9/9 MP: 3/3
   282 | D:1      | Reached XP level 2. HP: 14/14 MP: 5/5
   308 | D:1      | Reached skill level 1 in Fighting
   322 | D:1      | Reached skill level 1 in Stealth
   655 | D:2      | Noticed Natasha
   668 | D:2      | Reached XP level 3. HP: 18/18 MP: 6/6
   676 | D:2      | Killed Natasha
   823 | D:2      | Noticed Jessica
   831 | D:2      | Killed Jessica
   832 | D:2      | Reached XP level 4. HP: 10/22 MP: 5/7
  1103 | D:2      | Noticed Robin
  1118 | D:2      | Killed Robin
  1155 | D:2      | Noticed Natasha
  1289 | D:2      | Killed Natasha
  1340 | D:2      | Reached XP level 5. HP: 26/26 MP: 8/8
  1481 | D:2      | Noticed a black bear
  1550 | D:2      | Killed a black bear
  1659 | D:2      | Noticed Natasha
  2110 | D:2      | Killed Natasha
  2562 | D:3      | Reached XP level 6. HP: 31/31 MP: 9/9
  3510 | D:4      | Noticed Ijyb
  3630 | D:4      | Killed Ijyb
  3689 | D:4      | Reached skill level 5 in Ranged Weapons
  3853 | D:4      | Found a shadowy altar of Dithmenos.
  3857 | D:4      | Reached skill level 5 in Stealth
  3870 | D:4      | Became a worshipper of Dithmenos the Shadowed
  4426 | D:4      | Reached XP level 7. HP: 28/35 MP: 10/10
  4920 | D:5      | Entered Level 5 of the Dungeon
  4927 | D:5      | Found Sisudine's Weapon Shoppe.
  5569 | D:5      | Reached * piety under Dithmenos
  6051 | D:5      | Reached XP level 8. HP: 30/42 MP: 11/11
  6743 | D:5      | Learned a level 3 spell: Inner Flame
  6746 | D:5      | Learned a level 2 spell: Poisonous Vapours
  7166 | D:6      | Reached skill level 1 in Poison Magic
  7196 | D:6      | Reached skill level 1 in Fire Magic
  7196 | D:6      | Reached skill level 1 in Air Magic
  7712 | D:5      | Found a snail-covered altar of Cheibriados.
  8534 | D:6      | Found Suppesk's Magic Scroll Shoppe.
  8537 | D:6      | Bought a scroll of teleportation for 42 gold pieces
  8773 | D:6      | Reached XP level 9. HP: 8/45 MP: 12/12
 10054 | D:7      | Noticed Menkaure
 10230 | D:7      | Killed Menkaure
 10763 | D:7      | Shot with an arrow by a centaur

Illustrated notes

Levels and vault maps discovered:
D:1:      scummos_arrival_forest, layout_basic, hangedman_decor_growths
D:2:      layout_basic, lightli_corner_chamber, uniq_robin, uniq_natasha,
          uniq_jessica
D:3:      layout_basic
D:4:      layout_loops_ring, nicolae_dithmenos_the_darkroom,
          kennysheep_small_spiral, uniq_ijyb
D:5:      minmay_razor_zed, layout_loops_ring, amcnicky_altar_gilded,
          serial_shops, shop, kennysheep_big_empty_room,
          hangedman_abyss_or_decor_stagger
D:6:      layout_cave_pools, serial_column_ruins, column_ruins_hut_ruined,
          column_ruins_columns_straight, column_ruins_grid_1,
          column_ruins_grid_4, column_ruins_grid_1, serial_shops,
          nicolae_shop_behind_doors, serial_park_tiny_2
D:7:      layout_rooms, kennysheep_mini_moat, minmay_temple_entry_waves,
          ebering_ghost_reflecting_pool, serial_shops, nicolae_square_shop,
          uniq_menkaure

Skill      XL: |  1  2  3  4  5  6  7  8  9 |
---------------+----------------------------+-----
Fighting       | 1 2 3 4 |  4.6
Hexes          | 4 |  4.0
Stealth        | 1 2 3 4 5 6 8 |  8.5
Ranged Weapons | 3 4 5 6 7 8 |  8.2
Poison Magic   | 2 |  2.5
Fire Magic     | 2 3 |  3.0
Air Magic      | 2 3 |  3.3
Dodging        | |  2.6
Spellcasting   | |  1.3

Action                   |  1- 3 |  4- 6 |  7- 9 || total
-------------------------+-------+-------+-------++-------
 Fire: Sling             |    87 |   225 |   458 ||   770
       Shortbow          |       |       |    43 ||    43
 Cast: Slow              |     1 |     2 |    10 ||    13
  Use: Scroll            |       |     3 |     2 ||     5
       Potion            |       |       |     4 ||     4
Armor: Robe              |     3 |     7 |    14 ||    24
Dodge: Dodged            |    16 |    60 |   277 ||   353
